[Event "4NCL 2nd Div 2023-24"]
[Site "Daventry"]
[Date "2024.05.04"]
[Round "9.21"]
[White "Snape, Ian L"]
[Black "Granat, Russell G"]
[Result "1/2-1/2"]
[ECO "E94"]
[WhiteElo "2086"]
[BlackElo "2160"]
[Annotator "RC"]
[PlyCount "115"]
[EventDate "2023.11.11"]
[EventType "team-tourn"]
[EventCountry "ENG"]
[SourceTitle "playchess.com"]
[Source "ChessBase"]
[SourceQuality "1"]
[TimeControl "40/6000+30:3000+30"]

1. c4 g6 2. Nc3 Bg7 3. d4 Nf6 4. e4 O-O 5. Nf3 d6 6. Be2 e5 7. O-O h6 8. Qc2 Nc6 9. dxe5 dxe5 10. Rd1 Nd4 11. Nxd4 exd4 12. Nb5 c5 13. e5 Ne8 14. f4 a6 15. Na3 Nc7 16. Bd2 b6 17. Rf1 Bf5 18. Bd3 Bxd3 19. Qxd3 f5 20. Nc2 Ne6 21. Ne1 Rf7 22. b4 Bf8 23. a3 Rc8 24. Rf2 Qd7 25. Nf3 Qc6 26. Rc1 cxb4 27. axb4 a5 28. bxa5 Qe4 29. Ne1 Nc5 30. Qg3 Rc6 31. Rf3 bxa5 32. Bxa5 Rb7 33. Nd3 Ra6 34. Bd8 Qc6 35. Nxc5 Bxc5 36. Bf6 Kh7 37. h4 h5 38. Kh1 Rab6 39. Qg5 Bf8 40. Rg3 Qe8 41. Rd3 Rb3 42. Qg3 Qa4 43. c5 Qa3 44. Rcd1 Bxc5 45. Qf3 Qb4 46. Qd5 Rxd3 47. Rxd3 Qb6 48. Rg3 d3 49. Rxd3 g5 50. fxg5 Qb4 51. g6+ Kh6 52. Bg5+ Kg7 53. e6 Qe1+ 54. Kh2 Qg1+ 55. Kh3 Qh1+ 56. Kg3 Qe1+ 57. Kh3 Qh1+ 58. Kg3 1/2-1/2

[Event "4NCL 2nd Div 2023-24"]
[Site "Daventry"]
[Date "2024.05.04"]
[Round "9.22"]
[White "Bucher, Grant W"]
[Black "Roe, Simon J"]
[Result "1/2-1/2"]
[ECO "B11"]
[WhiteElo "2049"]
[BlackElo "2177"]
[Annotator "ChessBase"]
[PlyCount "246"]
[EventDate "2023.11.11"]
[EventType "team-tourn"]
[EventCountry "ENG"]
[SourceTitle "playchess.com"]
[Source "ChessBase"]
[SourceQuality "1"]
[TimeControl "40/6000+30:3000+30"]

1. e4 c6 2. Nf3 d5 3. Nc3 Bg4 4. h3 Bxf3 5. Qxf3 e6 6. Be2 Bc5 7. O-O Ne7 8. d3 Nd7 9. Qg3 O-O 10. Kh1 Ng6 11. f4 f5 12. Bh5 Ne7 13. Bf3 Kh8 14. Qe1 Bd6 15. e5 Bc7 16. Ne2 Bb6 17. d4 c5 18. Be3 Rc8 19. dxc5 Nxc5 20. Nd4 Qd7 21. Rd1 Ne4 22. c3 Bxd4 23. Bxd4 Qa4 24. a3 b6 25. Kh2 Qb3 26. Rb1 Qb5 27. Be2 Qe8 28. Ba6 Rc7 29. Qe2 Qg6 30. Rf3 Qh6 31. Be3 Nc6 32. Rd1 Na5 33. Rd4 Nb3 34. Rd1 Nbc5 35. Bb5 Ra8 36. Qe1 a6 37. Bf1 Na4 38. Bc1 b5 39. Rd4 Rac8 40. Be2 Nb6 41. Bd3 Qh5 42. Rf1 Nc5 43. Be2 Qh6 44. Qd1 Ne4 45. Bd3 Qh4 46. Qf3 Nc4 47. Bxe4 fxe4 48. Qg4 Qe7 49. Qg3 Qf7 50. Qe1 Rf8 51. Rd1 Qg6 52. b3 Nb6 53. c4 bxc4 54. Qb4 Rb8 55. Be3 Rcb7 56. bxc4 Nxc4 57. Qc5 Rb2 58. Rf2 h6 59. f5 exf5 60. Rxd5 Nxe3 61. Qxe3 R8b3 62. Qf4 Rxf2 63. Qxf2 Qe6 64. Qc5 Rb5 65. Qf8+ Kh7 66. Rxb5 axb5 67. Qd6 Qg6 68. e6 f4 69. Qxf4 Qxe6 70. Qe3 Qf5 71. Kg3 Qe5+ 72. Kf2 Qd5 73. Kg3 Kg6 74. h4 Qe5+ 75. Kf2 Kf5 76. Qh3+ Kf6 77. Qe3 Qf5+ 78. Ke1 h5 79. Qb6+ Kf7 80. Qa7+ Kg6 81. Qb6+ Kh7 82. Qe3 Qe5 83. Kf2 Qe7 84. Kg3 Qe6 85. Kf2 Qg4 86. g3 Qf5+ 87. Ke2 Qe5 88. Kf2 Kg6 89. Ke2 Kf5 90. Qg5+ Ke6 91. Qe3 Kd5 92. Qb3+ Kc5 93. Qb4+ Kc6 94. a4 bxa4 95. Qxa4+ Kd6 96. Qa6+ Ke7 97. Qa7+ Kf6 98. Qe3 Qb2+ 99. Ke1 Qe5 100. Kf2 Qf5+ 101. Ke2 Qg4+ 102. Kf2 Kg6 103. Qb6+ Kh7 104. Qe3 Qe6 105. Ke2 Qc4+ 106. Kf2 Qc2+ 107. Ke1 Qg2 108. Kd1 Qf1+ 109. Kd2 Qf5 110. Ke2 g6 111. Ke1 Qe6 112. Ke2 Kg8 113. Kf2 Kf7 114. Ke2 Ke8 115. Kf2 Kd7 116. Qd4+ Kc6 117. Ke3 Qb3+ 118. Kxe4 Qxg3 119. Qd5+ Kb6 120. Qe6+ Kb7 121. Qe7+ Kc6 122. Qe8+ Kb7 123. Qe7+ Kc6 1/2-1/2

[Event "4NCL 2nd Div 2023-24"]
[Site "Daventry"]
[Date "2024.05.04"]
[Round "9.23"]
[White "Duggan, John E"]
[Black "Blake, J Morgan"]
[Result "0-1"]
[ECO "D12"]
[WhiteElo "2044"]
[BlackElo "2018"]
[Annotator "NA RC"]
[PlyCount "100"]
[EventDate "2023.11.11"]
[EventType "team-tourn"]
[EventCountry "ENG"]
[SourceTitle "playchess.com"]
[Source "ChessBase"]
[SourceQuality "1"]
[TimeControl "40/6000+30:3000+30"]

1. d4 Nf6 2. Nf3 d5 3. c4 c6 4. e3 Bf5 5. Nc3 e6 6. Bd3 Bg6 7. O-O Nbd7 8. Qe2 Bb4 9. Nd2 dxc4 10. Nxc4 b5 11. Nd2 O-O 12. Bxg6 hxg6 13. a3 Be7 14. Nf3 Qc7 15. Bd2 Nb6 16. Rfc1 Qb7 17. Ne5 Rac8 18. Qf3 Nbd5 19. b4 Nxc3 20. Bxc3 Nd5 21. Be1 Bd6 22. Nd3 Nb6 23. Nb2 e5 24. dxe5 Bxe5 25. Bc3 Rfe8 26. Rc2 Qb8 27. Bxe5 Qxe5 28. Rac1 Red8 29. g3 Rd6 30. Qe2 Qe4 31. f3 Qe6 32. e4 g5 33. Qe3 Qe5 34. Nd3 Qe7 35. Nb2 Qe5 36. Qc5 Qe7 37. Kg2 g4 38. e5 gxf3+ 39. Kxf3 Nd7 40. Qxd6 Nxe5+ 41. Qxe5 Qxe5 42. Nd3 Qd5+ 43. Ke3 Re8+ 44. Kd2 Rd8 45. Rc3 Qg2+ 46. Ke3 Re8+ 47. Kf4 Qe4+ 48. Kg5 f6+ 49. Kh5 Kh7 50. Nf4 Qf5+ 0-1

[Event "4NCL 2nd Div 2023-24"]
[Site "Daventry"]
[Date "2024.05.04"]
[Round "9.24"]
[White "Graham, Cassie M"]
[Black "Jaufarally, Nadia"]
[Result "1/2-1/2"]
[ECO "A05"]
[WhiteElo "1974"]
[BlackElo "1914"]
[Annotator "NA RC"]
[PlyCount "82"]
[EventDate "2023.11.11"]
[EventType "team-tourn"]
[EventCountry "ENG"]
[SourceTitle "playchess.com"]
[Source "ChessBase"]
[SourceQuality "1"]
[TimeControl "40/6000+30:3000+30"]

1. e4 c5 2. Nf3 d6 3. d3 Nc6 4. g3 g6 5. Bg2 Bg7 6. O-O Nf6 7. Re1 O-O 8. Nbd2 Rb8 9. a4 a6 10. h3 b5 11. axb5 axb5 12. c3 Nd7 13. Nf1 b4 14. c4 Bb7 15. Ne3 Ra8 16. Rxa8 Qxa8 17. Nd5 e6 18. Ne3 Qa2 19. Qe2 Ra8 20. Ng4 Qb3 21. Nd2 Qa2 22. Nf3 Qb3 23. Nd2 Qc2 24. Ne3 Qa4 25. Nf3 Rf8 26. h4 Na5 27. Nd1 Nb3 28. Bf4 e5 29. Be3 Nd4 30. Qd2 Qc2 31. Nxd4 Qxd2 32. Bxd2 exd4 33. f4 Ra8 34. Nf2 Ra2 35. Rb1 Bc6 36. Be1 Nb8 37. Bf3 Bd7 38. Bd1 Nc6 39. Bb3 Ra8 40. Bd1 Bh6 41. Kg2 f6 1/2-1/2

[Event "4NCL 2nd Div 2023-24"]
[Site "Daventry"]
[Date "2024.05.04"]
[Round "9.25"]
[White "Lewis, Andrew P"]
[Black "Baker, Chris W"]
[Result "1-0"]
[ECO "E94"]
[WhiteElo "2252"]
[BlackElo "2218"]
[Annotator "TA"]
[PlyCount "91"]
[EventDate "2023.11.11"]
[EventType "team-tourn"]
[EventCountry "ENG"]
[SourceTitle "playchess.com"]
[Source "ChessBase"]
[SourceQuality "1"]
[TimeControl "40/6000+30:3000+30"]

1. d4 d6 2. c4 e5 3. Nf3 Nd7 4. Nc3 Ngf6 5. e4 g6 6. Be2 Bg7 7. Be3 exd4 8. Nxd4 O-O 9. O-O Re8 10. f3 c6 11. Bf2 {[%emt 0:06:31] White is more active.} Nh5 12. Qd2 {[%emt 0:05:32] Against Nf4} Qf6 13. g3 {[%emt 0:09:49][%cal Bg2g3,Bg3g4][%mdl 32] Wards off Nf4. White is better.} Ne5 14. Be3 {[%emt 0:03:25] [#] Black must now prevent g4.} Bh3 15. Rf2 (15. Bg5 $2 Nxc4 16. Bxc4 Qxd4+ 17. Qxd4 Bxd4+ 18. Rf2 Be6 $19 (18... Bxf2+ $2 19. Kxf2 Be6 20. Be2 $19)) (15. g4 $16) 15... Qe7 16. Rd1 Rad8 (16... f5 $14) 17. g4 $16 Nf6 {[%emt 0:01:01] [#]} 18. Bg5 $1 Ned7 19. Qf4 Qe5 20. Qe3 {[%emt 0:01:34] Strongly threatening f4.} Qc5 21. Nc2 (21. Bh6 $16) 21... Qxe3 22. Bxe3 Nb6 (22... Nc5 $11) 23. Bg5 (23. a4 $14) 23... h6 $1 $11 24. Bh4 d5 25. cxd5 cxd5 26. Bb5 $36 {[%emt 0:01:02][%mdl 2048] Bxf6 would now be deadly. Black is under pressure.} Re6 (26... g5 $1 $14) 27. Rfd2 g5 (27... a6 $16 28. exd5 Re5) 28. Bg3 a6 29. Nd4 ({White should try} 29. Nxd5 $18 Nfxd5 30. exd5 Rxd5 31. Rxd5 Nxd5 32. Bc4 (32. Rxd5 axb5 33. Kf2 Bxb2 $11)) 29... dxe4 {[%emt 0:01:58] Loses the game.} (29... axb5 $16 {keeps fighting.} 30. Nxe6 fxe6) 30. Nxe6 $18 Rxd2 31. Rxd2 fxe6 32. Be2 exf3 33. Bxf3 Bxg4 34. Bxb7 Nc4 (34... a5 {was necessary.} 35. Bc7 Nc4) 35. Rd8+ Kf7 36. b3 Ne3 37. Bf2 ({Resist} 37. Bxa6 Bf5 38. Be5 Kg6 $18) 37... Nf5 38. Bxa6 Ke7 39. Ra8 Nd7 40. Be2 Bh3 (40... Bxc3 $142 41. Bxg4 Nd6) 41. Ne4 Nd4 (41... Bd4 $142 42. b4 Bxf2+ 43. Kxf2 Nh4) 42. Bd1 (42. Bh5 $142 Nb6 43. Ra7+ Nd7 44. Nc5) 42... Bf5 43. Ng3 Bd3 44. Ra4 Nb5 45. Be2 Ne5 46. Ra5 {[%emt 0:00:00] Weighted Error Value: White=0.35/Black=0.40.  Mistake:       	White=5     	Black=8      Inaccurate:     	White=2     	Black=3      OK:         	White=16    	Black=9      Best:        	White=2     	Black=3      Strong:       	White=1     	Black=1} 1-0

[Event "4NCL 2nd Div 2023-24"]
[Site "Daventry"]
[Date "2024.05.04"]
[Round "9.26"]
[White "Bowcott-Terry, Finlay"]
[Black "Kanellopoulos, Panayotis"]
[Result "1/2-1/2"]
[ECO "B28"]
[WhiteElo "2097"]
[BlackElo "2243"]
[Annotator "RC"]
[PlyCount "106"]
[EventDate "2023.11.11"]
[EventType "team-tourn"]
[EventCountry "ENG"]
[SourceTitle "playchess.com"]
[Source "ChessBase"]
[SourceQuality "1"]
[TimeControl "40/6000+30:3000+30"]

1. e4 c5 2. Nf3 a6 3. g3 d6 4. Bg2 Nf6 5. d3 g6 6. O-O Bg7 7. Nbd2 O-O 8. h3 Nc6 9. Re1 Nd7 10. Nf1 b5 11. N3h2 Bb7 12. f4 b4 13. g4 Nd4 14. Ne3 e6 15. Nf3 d5 16. e5 Nxf3+ 17. Bxf3 f6 18. Nxd5 exd5 19. e6 Ne5 20. fxe5 fxe5 21. Be3 Qe7 22. Bg2 Rac8 23. c4 bxc3 24. bxc3 Qxe6 25. c4 e4 26. Rb1 Ba8 27. cxd5 Bxd5 28. dxe4 Bxa2 29. Rb7 Rf7 30. Rxf7 Qxf7 31. Qa4 Bc4 32. Rc1 Bb5 33. Qd1 c4 34. e5 Qe7 35. e6 Rd8 36. Bd5 Bc6 37. Bxc6 Rxd1+ 38. Rxd1 Qc7 39. Bg2 Bf6 40. g5 Be7 41. Rd7 Qe5 42. Bd4 Bc5 43. Rd8+ Kg7 44. Rd7+ Kf8 45. e7+ Ke8 46. Bc6 Qxg5+ 47. Kh1 Qc1+ 48. Kg2 Qd2+ 49. Kg1 Qe1+ 50. Kg2 Qe2+ 51. Kg1 Qe1+ 52. Kg2 Qe2+ 53. Kg1 Qe1+ 1/2-1/2

[Event "4NCL 2nd Div 2023-24"]
[Site "Daventry"]
[Date "2024.05.04"]
[Round "9.27"]
[White "Player, Edmund C"]
[Black "Pitcher, John"]
[Result "1-0"]
[ECO "B42"]
[WhiteElo "2159"]
[BlackElo "2182"]
[Annotator "RC"]
[PlyCount "95"]
[EventDate "2023.11.11"]
[EventType "team-tourn"]
[EventCountry "ENG"]
[SourceTitle "playchess.com"]
[Source "ChessBase"]
[SourceQuality "1"]
[TimeControl "40/6000+30:3000+30"]

1. e4 c5 2. Nf3 e6 3. d4 cxd4 4. Nxd4 a6 5. Bd3 Bc5 6. Nb3 Ba7 7. O-O Nc6 8. c4 d6 9. Kh1 Nf6 10. Qe2 e5 11. Be3 Be6 12. Bxa7 Rxa7 13. Nc3 O-O 14. Rad1 Qc7 15. Rd2 Raa8 16. Nd5 Bxd5 17. exd5 Nb8 18. f4 Nbd7 19. fxe5 dxe5 20. d6 Qc6 21. c5 Rfe8 22. Bf5 e4 23. Bxd7 Nxd7 24. Qc4 Ne5 25. Qd5 Qb5 26. Re1 Nd3 27. Ree2 Nf4 28. Nd4 Qd7 29. Qg5 Nxe2 30. Rxe2 h6 31. Qd5 Qg4 32. Re1 e3 33. d7 Red8 34. Nf5 Kh7 35. Rxe3 Qf4 36. Kg1 Rf8 37. g3 Qg5 38. h4 Qf6 39. Nd6 Qxb2 40. Nxb7 Rab8 41. c6 Qb6 42. Qc5 Qb1+ 43. Kf2 f5 44. Re1 Qxa2+ 45. Re2 Qf7 46. Nd6 Qf6 47. c7 f4 48. Qf5+ 1-0

[Event "4NCL 2nd Div 2023-24"]
[Site "Daventry"]
[Date "2024.05.04"]
[Round "9.28"]
[White "Valdepenas Octavio, Javier"]
[Black "Walker, Martin G"]
[Result "0-1"]
[ECO "C83"]
[WhiteElo "2182"]
[BlackElo "2033"]
[Annotator "NA RC"]
[PlyCount "60"]
[EventDate "2023.11.11"]
[EventType "team-tourn"]
[EventCountry "ENG"]
[SourceTitle "playchess.com"]
[Source "ChessBase"]
[SourceQuality "1"]
[TimeControl "40/6000+30:3000+30"]

1. e4 e5 2. Nf3 Nc6 3. Bb5 a6 4. Ba4 Nf6 5. O-O Nxe4 6. d4 b5 7. Bb3 d5 8. dxe5 Be6 9. Be3 Be7 10. c3 O-O 11. Nbd2 Bg4 12. Nxe4 dxe4 13. Qd5 Qxd5 14. Bxd5 exf3 15. Bxc6 fxg2 16. Kxg2 Rad8 17. Kg3 Be6 18. Rfd1 f6 19. Bd4 Kf7 20. f4 Bd5 21. Bxd5+ Rxd5 22. exf6 gxf6 23. Bg1 Rg8+ 24. Kf3 Rh5 25. Rd7 Rh3+ 26. Kf2 Ke8 27. Rxc7 Kd8 28. Rc6 Kd7 29. Rxa6 Bc5+ 30. Ke2 Rg2+ 0-1

[Event "4NCL 2nd Div 2023-24"]
[Site "Daventry"]
[Date "2024.05.04"]
[Round "9.29"]
[White "Samarakoon, Vivash Ransara"]
[Black "Mason, Donald J"]
[Result "1/2-1/2"]
[ECO "C80"]
[WhiteElo "1980"]
[BlackElo "1984"]
[Annotator "NA RC"]
[PlyCount "83"]
[EventDate "2023.11.11"]
[EventType "team-tourn"]
[EventCountry "ENG"]
[SourceTitle "playchess.com"]
[Source "ChessBase"]
[SourceQuality "1"]
[TimeControl "40/6000+30:3000+30"]

1. e4 e5 2. Nf3 Nc6 3. Bb5 a6 4. Ba4 Nf6 5. O-O Nxe4 6. d4 b5 7. Bb3 d5 8. dxe5 Be6 9. Nbd2 Nc5 10. c3 d4 11. Bxe6 Nxe6 12. cxd4 Ncxd4 13. Nxd4 Qxd4 14. Qf3 Rd8 15. Qc6+ Qd7 16. Qxd7+ Rxd7 17. Ne4 Be7 18. Be3 Rd5 19. f4 O-O 20. Rad1 Rfd8 21. Rxd5 Rxd5 22. Kf2 c5 23. Nc3 Rd3 24. Rd1 Rxd1 25. Nxd1 f5 26. Nc3 Nc7 27. b3 Kf7 28. Ke2 Ke6 29. Kd3 h6 30. g3 g5 31. Ne2 Nd5 32. Bd2 g4 33. a3 Bd8 34. Be1 Bb6 35. Bd2 h5 36. Be1 c4+ 37. bxc4 bxc4+ 38. Kxc4 Ne3+ 39. Kd3 Nf1 40. Bc3 Nxh2 41. Bd4 Ba5 42. Bc3 1/2-1/2

[Event "4NCL 2nd Div 2023-24"]
[Site "Daventry"]
[Date "2024.05.04"]
[Round "9.30"]
[White "Shephard, Chris C W"]
[Black "Talsma, Paul"]
[Result "1/2-1/2"]
[ECO "A21"]
[WhiteElo "2155"]
[BlackElo "2073"]
[Annotator "NA"]
[PlyCount "34"]
[EventDate "2023.11.11"]
[EventType "team-tourn"]
[EventCountry "ENG"]
[SourceTitle "playchess.com"]
[Source "ChessBase"]
[SourceQuality "1"]
[TimeControl "40/6000+30:3000+30"]

1. c4 e5 2. Nc3 Bb4 3. e4 Bxc3 4. bxc3 d6 5. d3 Ne7 6. g3 O-O 7. Bg2 c5 8. Nf3 Nbc6 9. O-O h6 10. Ne1 Be6 11. Nc2 Qd7 12. Ne3 Bh3 13. Nd5 Bxg2 14. Kxg2 f5 15. f3 Rf7 16. Qe2 Raf8 17. Bd2 b6 1/2-1/2

[Event "4NCL 2nd Div 2023-24"]
[Site "Daventry"]
[Date "2024.05.04"]
[Round "9.31"]
[White "Myall, Ivan J"]
[Black "Fallowfield, Jeremy R"]
[Result "1/2-1/2"]
[ECO "C24"]
[WhiteElo "1932"]
[BlackElo "2108"]
[Annotator "NA RC"]
[PlyCount "101"]
[EventDate "2023.11.11"]
[EventType "team-tourn"]
[EventCountry "ENG"]
[SourceTitle "playchess.com"]
[Source "ChessBase"]
[SourceQuality "1"]
[TimeControl "40/6000+30:3000+30"]

1. e4 e5 2. Bc4 Nf6 3. d3 Bc5 4. Nf3 d6 5. c3 O-O 6. Bg5 Nbd7 7. Nbd2 Re8 8. a4 a5 9. O-O h6 10. Be3 Bxe3 11. fxe3 Nf8 12. Qe1 Be6 13. Nh4 Bxc4 14. Nxc4 d5 15. exd5 Qxd5 16. Rd1 e4 17. Rf5 Qe6 18. Re5 Qc6 19. b3 exd3 20. Rxe8 Rxe8 21. Rxd3 b6 22. Nf3 N8d7 23. Qd1 Nc5 24. Rd8 Nfe4 25. Nfe5 Qe6 26. Rxe8+ Qxe8 27. Qc2 f6 28. Nd3 Qe6 29. Nxc5 Nxc5 30. Qd1 Qe7 31. Qd5+ Kf8 32. Qa8+ Kf7 33. Qd5+ Kf8 34. Qa8+ Kf7 35. Qd5+ Qe6 36. Qxe6+ Kxe6 37. Nd2 Kd5 38. Kf2 Ne4+ 39. Nxe4 Kxe4 40. Ke2 f5 41. Kd2 g5 42. Ke2 c6 43. Kd2 g4 44. c4 h5 45. Ke2 h4 46. Kd2 h3 47. gxh3 gxh3 48. Ke2 c5 49. Kf2 f4 50. exf4 Kxf4 51. Ke2 1/2-1/2

[Event "4NCL 2nd Div 2023-24"]
[Site "Daventry"]
[Date "2024.05.04"]
[Round "9.32"]
[White "Dicen, Elis Denele"]
[Black "Korchagina, Polina"]
[Result "1-0"]
[ECO "E21"]
[WhiteElo "1919"]
[BlackElo "1545"]
[Annotator "NA RC"]
[PlyCount "43"]
[EventDate "2023.11.11"]
[EventType "team-tourn"]
[EventCountry "ENG"]
[SourceTitle "playchess.com"]
[Source "ChessBase"]
[SourceQuality "1"]
[TimeControl "40/6000+30:3000+30"]

1. d4 Nf6 2. c4 e6 3. Nc3 Bb4 4. e3 O-O 5. Bd2 b6 6. Nf3 Bb7 7. Bd3 Re8 8. O-O d5 9. cxd5 Nxd5 10. e4 Nxc3 11. bxc3 Be7 12. Re1 c5 13. Be3 Qc7 14. Qe2 c4 15. Bc2 b5 16. a4 a6 17. Reb1 bxa4 18. Rxa4 Bc6 19. Qxc4 Rc8 20. Raa1 Qd8 21. Qe2 Bb5 22. Rxb5 1-0

[Event "4NCL 2nd Div 2023-24"]
[Site "Daventry"]
[Date "2024.05.05"]
[Round "10.1"]
[White "Southcott-Moyers, Indy"]
[Black "Delaney, Killian"]
[Result "0-1"]
[ECO "D20"]
[WhiteElo "2160"]
[BlackElo "2271"]
[Annotator "RC"]
[PlyCount "116"]
[EventDate "2023.11.11"]
[EventType "team-tourn"]
[EventCountry "ENG"]
[SourceTitle "playchess.com"]
[Source "ChessBase"]
[SourceQuality "1"]
[TimeControl "40/6000+30:3000+30"]

1. d4 d5 2. c4 dxc4 3. e4 b5 4. a4 c6 5. axb5 cxb5 6. Nc3 a6 7. Nxb5 axb5 8. Rxa8 Bb7 9. Ra1 e6 10. Nf3 Nf6 11. Be2 Nxe4 12. O-O Nc6 13. Be3 Qd5 14. Rb1 Na5 15. Ra1 Nb3 16. Ra7 Bd6 17. Qc2 Bb8 18. Rxb7 Qxb7 19. Ne5 O-O 20. Bf3 f5 21. Rd1 Qd5 22. g3 Rd8 23. Be2 Rc8 24. Bf3 Ba7 25. Nd3 Nxd4 26. Bxd4 Qxd4 27. Nf4 Qxf2+ 28. Qxf2 Bxf2+ 29. Kg2 Be3 30. Nxe6 b4 31. Bxe4 fxe4 32. Re1 Bd2 33. Rxe4 c3 34. bxc3 bxc3 35. Nd4 c2 36. Nxc2 Rxc2 37. Kf3 Bg5 38. h4 Bf6 39. h5 Rc3+ 40. Kg2 Kf7 41. g4 Rd3 42. Ra4 Be5 43. Ra7+ Kf6 44. h6 g5 45. Rxh7 Rg3+ 46. Kf2 Rxg4 47. Rb7 Rh4 48. Rb6+ Kf5 49. Kg2 Bf6 50. Ra6 Rxh6 51. Kf3 Rh3+ 52. Kg2 Rb3 53. Ra4 Be5 54. Ra5 Rb2+ 55. Kg1 g4 56. Ra4 g3 57. Rc4 Bf4 58. Rc5+ Kg4 0-1

[Event "4NCL 2nd Div 2023-24"]
[Site "Daventry"]
[Date "2024.05.05"]
[Round "10.2"]
[White "Thorarinsson, Pall A."]
[Black "Jones, Steven A"]
[Result "1-0"]
[ECO "A16"]
[WhiteElo "2160"]
[BlackElo "2202"]
[Annotator "RC"]
[PlyCount "96"]
[EventDate "2023.11.11"]
[EventType "team-tourn"]
[EventCountry "ENG"]
[SourceTitle "playchess.com"]
[Source "ChessBase"]
[SourceQuality "1"]
[TimeControl "40/6000+30:3000+30"]

1. Nf3 Nf6 2. c4 g6 3. Nc3 d5 4. cxd5 Nxd5 5. h4 Bg7 6. e4 Nxc3 7. dxc3 Qxd1+ 8. Kxd1 Nd7 9. h5 Nf6 10. h6 Bf8 11. e5 Ng4 12. Ke1 Bd7 13. Bf4 f6 14. exf6 exf6 15. Bxc7 Bxh6 16. Be2 O-O 17. Rd1 Bc8 18. Nd4 Kg7 19. Rh4 Ne5 20. f4 Nc6 21. Nxc6 bxc6 22. Bf3 g5 23. fxg5 Bxg5 24. Ra4 Bf5 25. Bf4 Bc2 26. Rd7+ Kg6 27. Rc4 Bf5 28. Rd2 Rae8+ 29. Kf2 Be6 30. Ra4 Bxf4 31. Rxf4 Bxa2 32. Bxc6 Rd8 33. Rg4+ Kf5 34. Rgd4 Rxd4 35. Rxd4 Rb8 36. b4 Be6 37. b5 Ke5 38. Re4+ Kd6 39. Ra4 Kc5 40. Rxa7 Bd5 41. Rxh7 Bxc6 42. bxc6 Rb6 43. c7 Rc6 44. Ke3 Kd5 45. Kd3 Ke5 46. c4 f5 47. Kc3 f4 48. Kb4 Kd4 1-0

[Event "4NCL 2nd Div 2023-24"]
[Site "Daventry"]
[Date "2024.05.05"]
[Round "10.3"]
[White "Blackburn, Jonathan L B"]
[Black "Li, Henry"]
[Result "1-0"]
[ECO "E93"]
[WhiteElo "2203"]
[BlackElo "2288"]
[Annotator "TA"]
[PlyCount "94"]
[EventDate "2023.11.11"]
[EventType "team-tourn"]
[EventCountry "ENG"]
[SourceTitle "playchess.com"]
[Source "ChessBase"]
[SourceQuality "1"]
[TimeControl "40/6000+30:3000+30"]

1. d4 Nf6 2. c4 g6 3. Nc3 Bg7 4. e4 d6 5. Be2 O-O 6. Nf3 e5 7. d5 Na6 8. h3 Nc5 9. Qc2 a5 10. Be3 Ne8 11. g4 c6 12. O-O-O Na6 (12... cxd5 $14 13. Rxd5 (13. cxd5 Bd7 $14) (13. Nxd5 b6 $14) (13. exd5 f5 $14) 13... Qe7) 13. Qb3 {[%emt 0:27:00] White has more active pieces.} cxd5 14. cxd5 (14. exd5 f5 $14) (14. Nxd5 $16 Nf6 15. Nc3) 14... Nc5 $14 15. Qc2 (15. Bxc5 $14 dxc5 16. a4) 15... b6 (15... Bd7 $5) 16. Kb1 Nc7 17. Rdg1 Bd7 18. h4 Qb8 (18... b5 $11) 19. h5 $16 b5 20. Bxc5 (20. hxg6 $16 hxg6 21. g5) 20... dxc5 $14 21. Nd1 (21. hxg6 $14 fxg6 22. g5) 21... c4 $11 22. Ne3 Qb6 23. g5 (23. hxg6 $5 hxg6 (23... fxg6 24. Nf5 $11) 24. Nf5 gxf5 25. gxf5 $18) 23... Na6 24. Rh2 a4 {[%emt 0:03:18][%cal Oa4a3] Strongly threatening ...a3!} 25. Rgh1 {[%emt 0:01:45] [#]} a3 $1 {[%emt 0:00:57] Hoping for ...Nb4.} 26. hxg6 fxg6 {[%emt 0:01:04] aiming for ...axb2.} 27. Rxh7 {[%emt 0:00:44] Qc3 is the strong threat.} axb2 $2 (27... Qd6 $15 {keeps the upper hand.}) 28. Qxb2 $18 Qd6 {[%emt 0:08:50] [#]} 29. Rxg7+ $1 Kxg7 30. Nxe5 {[%emt 0:00:08] Excellent horsemanship.} (30. Qxe5+ Qxe5 31. Nxe5 Rxf2 $17) 30... c3 (30... Qb4 31. Nxd7+ Qxb2+ 32. Kxb2 Rxf2) 31. Qxc3 Qb4+ 32. Qxb4 Nxb4 33. Nxd7 Rxf2 34. Bxb5 Rfxa2 $2 (34... Raxa2 35. Nc4 Nd3) 35. Rh6 R8a3 (35... R2a3 {was worth a try.}) 36. Bc4 Rd2 37. Rh3 (37. Nf5+ $18 gxf5 38. exf5 Nxd5 39. Rg6+ Kf7 40. Nf6) 37... Nc2 $2 38. Nf1 Rf2 {[%emt 0:01:18] [#]} 39. Rh4 (39. Rh2 $1 $18 {[%cal Rh2f2] was the only winning move.} Ra1+ 40. Kb2 Raxf1 41. Rxf2 Rxf2 42. Kc3) 39... Rc3 $36 {[%emt 0:01:32][%mdl 2048] Black has strong initiative.} 40. Kb2 Rxc4 41. Kb3 $2 (41. Rh2 Rxh2 (41... Rxf1 42. Rxc2 Rb4+ 43. Kc3 $15) 42. Nxh2) 41... Rc7 {[%emt 0:10:43] ( -> ...Na1+)} 42. Nf6 Nd4+ {[%emt 0:03:31] Black mates.} (42... Rxf1 $2 43. Rh7+ Kf8 44. Rxc7 Nd4+ 45. Kb2 Rf2+ 46. Kc1 $18) 43. Ka3 Rf3+ (43... Rxf1 $2 {is the wrong capture.} 44. Ne8+ (44. Rh7+ Kf8 $11) 44... Kg8 45. Nxc7 $18) 44. Ka4 Rc4+ (44... Rxf1 $2 {perishes.} 45. Rh7+ Kf8 46. Rxc7 $18) 45. Ka5 Ra3+ 46. Kb6 Rb3+ 47. Ka6 Ra4# {[%emt 0:00:36][%mdl 32768] Weighted Error Value: White=1.08/Black=0.45.  Loses game:     	---       	Black=2      Missed win:     	White=1     	---        Mistake:       	White=5     	Black=4      Inaccurate:     	White=5     	Black=3      OK:         	White=4     	Black=10     Best:        	White=5     	Black=4      Brilliant:      	White=1     	---       . Loss on time!?} 1-0